 Dungeon Crawl Stone Soup version 0.20.2-3-g29329e0561 (webtiles) character file.

331 Alfie the Shooter (level 6, -4/52 HPs)
             Began as a Minotaur Hunter on Aug 10, 2020.
             Slain by peterlawrence's ghost (15 damage)
             ... on level 3 of the Dungeon.
             The game lasted 00:07:44 (1976 turns).

Alfie the Shooter (Minotaur Hunter)                 Turns: 1976, Time: 00:07:45

Health: -4/52      AC:  8    Str: 19    XL:     6   Next: 26%
Magic:  5/5        EV: 11    Int:  8    God:
Gold:   115        SH:  0    Dex: 10    Spells: 4/5 levels left

rFire    + . .     SeeInvis .   b - +0 short sword
rCold    . . .     Gourm    .   (no shield)
rNeg     . . .     Faith    .   j - +1 ring mail {rF+}
rPois    .         Spirit   .   (helmet restricted)
rElec    .         Reflect  .   (no cloak)
rCorr    .         Harm     .   h - +1 pair of gloves
MR       .....                  (no boots)
Stlth    +.........             (no amulet)
Regen    0.2/turn               (no ring)
MPRegen  0.1/turn               (no ring)

@: no status effects
A: retaliatory headbutt, horns 2
a: no special abilities


You were on level 3 of the Dungeon.
You were not hungry.

You visited 1 branch of the dungeon, and saw 3 of its levels.

You collected 115 gold pieces.

Inventory:

Hand Weapons
 a - a +1 shortbow
 b - a +0 short sword (weapon)
Missiles
 d - 22 arrows
Armour
 h - a +1 pair of gloves (worn)
 j - a +1 ring mail of fire resistance (worn)
Potions
 c - a potion of agility {unknown}
 e - a potion of cancellation
Books
 l - a book of Misfortune

   Spells                             Type                      Level
   a - Confusing Touch                Hexes                        1
   b - Confuse                        Hexes                        3
   c - Gell's Gravitas                Translocation                3
   d - Petrify                        Transmutation/Earth          4
   e - Metabolic Englaciation         Hexes/Ice                    5
   f - Yara's Violent Unravelling     Hexes/Transmutation          5
Comestibles
 f - a bread ration
 g - 2 meat rations


   Skills:
 + Level 3.7 Fighting
 + Level 1.8 Short Blades
 + Level 6.9 Bows
 + Level 2.0 Armour
 + Level 2.9 Dodging
 + Level 1.0 Stealth


You had 4 spell levels left.
You knew the following spells:

 Your Spells              Type           Power        Failure   Level  Hunger
a - Confusing Touch       Hex            #.....       58%         1    ##.....


Dungeon Overview and Level Annotations

Branches:
Dungeon (3/15)

Altars:
Sif Muna

Annotations:
D:3 peterlawrence's ghost, amateur MiFi


Innate Abilities, Weirdness & Mutations

You reflexively headbutt those who attack you in melee.
You have a pair of horns on your head.


Message History

You hit peterlawrence's ghost but do no damage.
Peterlawrence's ghost is lightly damaged.
Peterlawrence's ghost hits you but does no damage.
You hit peterlawrence's ghost but do no damage.
Your headbutt misses peterlawrence's ghost.
Peterlawrence's ghost is lightly damaged.
Peterlawrence's ghost hits you.
You hit peterlawrence's ghost.
Peterlawrence's ghost is lightly damaged.
Peterlawrence's ghost hits you.
* * * LOW HITPOINT WARNING * * *
You hit peterlawrence's ghost but do no damage.
Peterlawrence's ghost is lightly damaged.
Peterlawrence's ghost says, "Try not to bleed too much."
Peterlawrence's ghost hits you.
* * * LOW HITPOINT WARNING * * *
You barely miss peterlawrence's ghost.
Peterlawrence's ghost is lightly damaged.
Peterlawrence's ghost hits you!
You die...

... .... .[ ##... #
##.. .... # #..
####..######## ...
.............. #(#
#...####... #o#
#.....).... #W#
#.#.####... # ##
#@# #....# ####
...#.##.######..#.#
#
#................#
#
#.#.#..####.>.#.##
# ##..#
##†####......##
#.#..
#.......>..#..#
#..#
#..#####.#..).#
#.###..# #.##.#.#
#..#...# # #.#)#


You could see peterlawrence's ghost and an orc.

Vanquished Creatures
  Sigmund (D:3)
  An orc wizard (D:3)
  3 gnolls (D:2)
  5 adders
  An ooze (D:1)
  2 worms (D:2)
  2 dart slugs (D:1)
  6 leopard geckos
  3 orcs (D:3)
  A ball python (D:1)
  6 bats
  2 giant cockroaches
  8 hobgoblins
  5 jackals (D:2)
  7 kobolds
  3 quokkas
  4 frilled lizards
  4 goblins
  6 rats
70 creatures vanquished.

Notes
Turn   | Place    | Note
-------+----------+-------------------------------------------
     0 | D:1      | Alfie the Minotaur Hunter began the quest for the Orb.
     0 | D:1      | Reached XP level 1. HP: 18/18 MP: 0/0
   389 | D:1      | Reached XP level 2. HP: 25/25 MP: 1/1
   453 | D:1      | Reached skill level 5 in Bows
   850 | D:1      | Reached XP level 3. HP: 30/30 MP: 2/2
  1158 | D:2      | Reached XP level 4. HP: 15/38 MP: 3/3
  1166 | D:2      | Found a deep blue altar of Sif Muna.
  1285 | D:2      | Reached skill level 6 in Bows
  1585 | D:2      | Reached skill level 1 in Short Blades
  1585 | D:2      | Reached skill level 1 in Stealth
  1604 | D:2      | Learned a level 1 spell: Confusing Touch
  1702 | D:2      | Reached XP level 5. HP: 42/45 MP: 4/4
  1817 | D:3      | Reached skill level 1 in Armour
  1914 | D:3      | Noticed Sigmund
  1926 | D:3      | Killed Sigmund
  1926 | D:3      | Reached XP level 6. HP: 15/52 MP: 5/5
  1965 | D:3      | Noticed peterlawrence's ghost (amateur MiFi)
  1976 | D:3      | Slain by peterlawrence's ghost

Skill      XL: |  1  2  3  4  5 |
---------------+----------------+-----
Bows           | 5 6 |  6.9
Fighting       | 3 |  3.7
Short Blades   | 1 |  1.8
Stealth        | 1 |  1.0
Armour         | 2 |  2.0
Dodging        | |  2.9

Action                   |  1- 3 |  4- 6 || total
-------------------------+-------+-------++-------
Melee: Short sword       |    25 |    80 ||   105
       Headbutt          |     6 |     7 ||    13
 Fire: Shortbow          |    73 |    40 ||   113
Throw: Tomahawk          |       |     3 ||     3
  Use: Scroll            |     4 |     4 ||     8
       Potion            |       |     4 ||     4
  Eat: Royal jelly       |     1 |     1 ||     2
Armor: Leather armour    |    14 |       ||    14
       Ring mail         |       |    43 ||    43
Dodge: Dodged            |    39 |    56 ||    95
